 Dungeon Crawl Stone Soup version 0.27.1-35-g4d5d836560 (webtiles) character file.

Game seed: 14571268167927401733

221 Delamore the Covert (level 5, -4/34 HPs)
             Began as an Octopode Brigand on Apr 7, 2022.
             Slain by a quokka (5 damage)
             ... while paralysed by Grinder
             ... on level 4 of the Dungeon.
             The game lasted 00:02:19 (4104 turns).

Delamore the Covert (Octopode Brigand)              Turns: 4104, Time: 00:02:20

Health: -4/34      AC:  1    Str: 10    XL:     5   Next: 98%
Magic:  5/5        EV:  2    Int: 13    God:
Gold:   217        SH:  0    Dex: 15    Spells: 4/4 levels left

rFire    . . .     SeeInvis .   a - +2 dagger
rCold    . . .     Faith    .   (no shield)
rNeg     . . .     Spirit   .   (helmet restricted)
rPois    +         Reflect  .   (no amulet)
rElec    .         Harm     .   o - ring of poison resistance
rCorr    .         Rampage  .   (no ring)
Will     .....                  (no ring)
Stlth    +++++.....             (no ring)
HPRegen  0.11/turn              (no ring)
MPRegen  0.09/turn              (no ring)
                                (no ring)
                                (no ring)

@: paralysed
A: almost no armour, amphibious, 8 rings, camouflage 1, gelatinous body 1,
(nimble swimmer 1), tentacles
a: no special abilities


You were on level 4 of the Dungeon.
You visited 1 branch of the dungeon, and saw 4 of its levels.

You collected 217 gold pieces.

Inventory:

Hand Weapons
 a - a +2 dagger (weapon)
Missiles
 b - 8 poisoned darts (quivered)
 c - 2 curare-tipped darts
Jewellery
 o - a ring of poison resistance (left tentacle)
Scrolls
 d - a scroll of fear {unknown}
 g - a scroll of noise {unknown}
 j - a scroll of holy word {unknown}
 l - a scroll of torment {unknown}
 m - a scroll of enchant weapon {unknown}
 n - a scroll of identify {unknown}
Potions
 e - a potion of flight {unknown}
 f - a potion of might {unknown}
 h - a potion of resistance {unknown}
 i - a potion of attraction {unknown}
 k - a potion of berserk rage {unknown}


   Skills:
 - Level 2.0 Fighting
 + Level 3.7 Short Blades
 - Level 2.0 Throwing
 - Level 1.0 Dodging
 * Level 8.6 Stealth


You had 4 spell levels left.
You didn't know any spells.
Your spell library was empty.

Dungeon Overview and Level Annotations

Branches:
Dungeon (4/15)
 Temple: D:4-7

Altars:

Annotations:
D:4 Grinder


Innate Abilities, Weirdness & Mutations

You cannot wear most types of armour.
You are amphibious.
You can wear up to eight rings at the same time.
Your skin changes colour to match your surroundings (Stealth+).
Your rubbery body absorbs attacks. (AC +1, EV +1)
((You are camouflaged near water. (Stealth+)))
You have tentacles for arms and can constrict up to eight enemies at once.


Message History

Grinder comes into view.
An endoplasm comes into view.
The endoplasm quivers.
Found 8 gold pieces.
Grinder shouts!
You hear a shout! x2
A quokka comes into view.
You hit Grinder. Your grab misses Grinder.
Grinder is lightly wounded.
Grinder hits you.
You writhe in agony.
You barely miss Grinder. You grab Grinder.
Grinder is lightly wounded.
You constrict Grinder, but do no damage.
An orc comes into view. It is wielding a +0 dagger.
Grinder gestures at you.
You suddenly lose the ability to move!
You lose your grip on Grinder.
A kobold comes into view. It is wielding a +0 club.
Grinder hits you but does no damage. Grinder gestures at you.
You resist with significant effort. The endoplasm hits you.
Grinder gestures at you.
You shrug off the repeated paralysis!
The quokka bites you. The endoplasm completely misses you. Grinder hits you.
You writhe in agony.
The quokka completely misses you. The endoplasm freezes you.
You are frozen.
Grinder drinks a potion.
Grinder seems to speed up.
The quokka bites you but does no damage.
Grinder gestures at you.
You shrug off the repeated paralysis!
The endoplasm hits you. Grinder hits you.
You writhe in agony.
* * * LOW HITPOINT WARNING * * *
The quokka bites you.
* * * LOW HITPOINT WARNING * * *
The endoplasm hits you.
* * * LOW HITPOINT WARNING * * *
Grinder says, "Mostly I couldn't keep them alive."
Grinder gestures at you. You resist with significant effort.
The quokka bites you.
You die...

.............#
............## #..####
............# ##......#
............# #........
...........## ##........
...........# ##.........
..........## #..........
..........# ##...o......
.........## #...@5K.....
..........###...Jr.....$
........#..#............
#.....###...............
##### #...............
#.#.............
#.#.............
..##......>.....
#..###........


You could see Grinder (fast), an orc, an endoplasm, a quokka and a kobold.

Vanquished Creatures
  An orc priest (D:4)
  Terence (D:2)
  An orc wizard (D:4)
  6 adders
  3 dart slugs
  8 orcs
  6 ball pythons
  7 endoplasms
  2 giant cockroaches
  6 goblins
  6 hobgoblins
  4 jackals (D:2)
  4 kobolds
  3 quokkas
  7 bats
  3 frilled lizards (D:3)
  A quokka skeleton (D:4)
  A rat (D:1)
70 creatures vanquished.

Vanquished Creatures (others)
  A plant (D:1)
1 creature vanquished.

Grand Total: 71 creatures vanquished

Notes
Turn   | Place    | Note
-------+----------+-------------------------------------------
     0 | D:1      | Delamore the Octopode Brigand began the quest for the Orb.
     0 | D:1      | Reached XP level 1. HP: 14/14 MP: 1/1
   345 | D:1      | Reached XP level 2. HP: 10/19 MP: 2/2
   898 | D:1      | Reached skill level 6 in Stealth
  1054 | D:1      | Found a faded altar of an unknown god.
  1207 | D:1      | Reached XP level 3. HP: 24/24 MP: 3/3
  1825 | D:2      | Reached XP level 4. HP: 29/29 MP: 4/4
  1859 | D:2      | Reached skill level 7 in Stealth
  2452 | D:2      | Noticed Terence
  2464 | D:2      | Killed Terence
  2465 | D:2      | Reached XP level 5. HP: 25/34 MP: 5/5
  3100 | D:3      | Reached skill level 8 in Stealth
  4091 | D:4      | Noticed Grinder
  4097 | D:4      | Paralysed by Grinder for 7 turns
  4104 | D:4      | HP: 1/34 [endoplasm (3)]
  4104 | D:4      | Slain by a quokka

Illustrated notes

Levels and vault maps discovered:
D:1:      onia_arrival_pentagram, layout_basic, ebering_ecumenical_altar_hall,
          serial_bayou_ford_a, minmay_unequal
D:2:      layout_loops_corners, uniq_terence
D:3:      layout_basic, st_stairs_8
D:4:      layout_cave_pods, gammafunk_ghost_necromancy, uniq_grinder

Skill      XL: |  1  2  3  4  5 |
---------------+----------------+-----
Stealth        | 6 7 8 |  8.6
Short Blades   | 3 |  3.7
Fighting       | |  2.0
Throwing       | |  2.0
Dodging        | |  1.0

Action                   |  1- 3 |  4- 6 || total
-------------------------+-------+-------++-------
Melee: Dagger            |    54 |    85 ||   139
       Constrict         |     9 |    19 ||    28
       Tentacles         |     7 |    15 ||    22
 Stab: Sleeping          |    13 |    15 ||    28
Armor: Skin              |     2 |     7 ||     9
Dodge: Dodged            |    22 |    36 ||    58
